 Dungeon Crawl Stone Soup version 0.28.0-45-g0d030f2227 (webtiles) character file.

Game seed: 16146033434006274630

14 firemarshallily the Magician (level 2, 0/21 HPs)
             Began as a Djinni Summoner on Apr 21, 2022.
             Slain by a goblin
             ... wielding a +0 dagger
              (4 damage)
             ... on level 1 of the Dungeon.
             The game lasted 00:02:52 (877 turns).

firemarshallily the Magician (Djinni Summoner)       Turns: 877, Time: 00:02:53

Health: 0/21       AC:  2    Str:  7    XL:     2   Next: 55%
Gold:   22         EV: 12    Int: 16    God:
                   SH:  0    Dex: 13

rFire   + + .      SeeInvis .   (no weapon)
rCold   x . .      Faith    .   (no shield)
rNeg    . . .      Spirit   .   a - +0 robe
rPois   ∞          Reflect  .   (no helmet)
rElec   .          Harm     .   (no cloak)
rCorr   .          Rampage  .   (no gloves)
Will    .....                   (boots unavailable)
Stlth   ++........              (no amulet)
HPRegen 0.07/turn               (no ring)
MPRegen 0.00/turn               (no ring)

@: flying
A: sickness immunity, fire resistance 2, cold vulnerability 1, float, innate
caster, HP casting, extra vitality 1
a: no special abilities


You were on level 1 of the Dungeon.
You visited 1 branch of the dungeon, and saw 1 of its levels.

You collected 22 gold pieces.

Inventory:

Missiles
 b - 16 stones
Armour
 a - a +0 robe (worn)
Scrolls
 c - a scroll of identify {unknown}


   Skills:
 + Level 2.2 Dodging
 + Level 1.7 Stealth
 + Level 3.6 Spellcasting


You couldn't memorise any spells.
You knew the following spells:

 Your Spells              Type           Power      Damage    Failure   Level
a - Summon Small Mammal   Summ           56%        N/A       4%          1
b - Call Imp              Summ           14%        N/A       6%          2
c - Call Canine Familiar  Summ           14%        N/A       12%         3
d - Summon Guardian Gole  Hex/Summ       14%        N/A       12%         3
e - Summon Lightning Spi  Summ/Air       14%        N/A       36%         4
Your spell library was empty.

Dungeon Overview and Level Annotations

Branches:
Dungeon (1/15)

Altars:


Innate Abilities, Weirdness & Mutations

You are immune to sickness and miasma.
You are immune to poison.
Your flesh is very heat resistant. (rF++)
You are vulnerable to cold. (rC-)
You float through the air rather than walking.
You learn spells naturally, not from books.
Your magical power is your life essence.
You have superior vitality. (+4 MHP)


Message History

A rat comes into view.
Your bat hits the dart slug. The dart slug launches a dart at you.
The slug dart hits your quokka.
Your quokka dies!
Your quokka's corpse disappears in a puff of smoke!
You completely miss the goblin. Your bat hits the dart slug.
The goblin closely misses you.
Your bat hits the dart slug but does no damage. x2
The goblin hits you but does no damage.
The goblin closely misses your crimson imp.
Your bat hits the dart slug. You closely miss the goblin.
The goblin hits you with a +0 dagger.
Your bat hits the dart slug but does no damage.
Your bat hits the dart slug but does no damage.
Your crimson imp hits the dart slug.
The goblin barely misses you.
A dart slug comes into view.
Your bat hits the dart slug.
Your crimson imp hits the dart slug.
The dart slug barely misses your crimson imp.
The dart slug launches a dart at you. The slug dart hits you.
* * * LOW HITPOINT WARNING * * *
Your bat hits the dart slug.
Your crimson imp hits the dart slug.
The dart slug dies!
The dart slug launches a dart at you. The slug dart misses you.
Your bat barely misses the goblin.
The goblin hits your bat with a +0 club.
Your bat dies!
Your bat's corpse disappears in a puff of smoke!
Casting: Summon Small Mammal (safe; 4% risk of failure)
Confirm with . or Enter, or press ? or * to list all spells.
* * * LOW HITPOINT WARNING * * *
Your crimson imp blinks!
The goblin closely misses you.
Casting: Summon Small Mammal (safe; 4% risk of failure)
Confirm with . or Enter, or press ? or * to list all spells.
* * * LOW HITPOINT WARNING * * *
The goblin barely misses you. The goblin hits you with a +0 dagger.
You die...

... ..... . .. ###....# .w# #
............##..## # #. ##
r#.#.##...................###.
.##............?.............. ..
..#..........................# #.
#.##.......†5........ ...##..###.
#..# #.§...###.###.#.........
##.##.####.....g@................
...##..........gr......###.......
....#..........r...#.............
....#....................#...###.
....#..........###.#..####...##..
#...#............................
...##.###..#....##.#..##.#....#..
.####.# #.............##.#....#..
.#..#.###.##....####..##.#....#..


You could see 2 goblins, a friendly crimson imp (summoned) and 2 friendly rats.

Vanquished Creatures (collateral kills)
  A dart slug (D:1)
  An endoplasm (D:1)
  A hobgoblin (D:1)
  2 jackals (D:1)
  2 quokkas (D:1)
  2 bats (D:1)
  A frilled lizard (D:1)
  A rat (D:1)
11 creatures vanquished.

Notes
Turn   | Place    | Note
-------+----------+-------------------------------------------
     0 | D:1      | firemarshallily the Djinni Summoner began the quest for the
                  | Orb.
     0 | D:1      | Reached XP level 1. HP: 15/15 MP: 0/0
   602 | D:1      | Reached XP level 2. HP: 18/21 MP: 0/0
   877 | D:1      | Slain by a goblin

Illustrated notes

Levels and vault maps discovered:
D:1:      dpeg_arrival_round_b, layout_basic,
          hellmonk_ecumenical_altar_watching_god

Action                   || total
-------------------------++-------
Melee: Unarmed           ||    21
 Cast: Summon Small Mamm ||    26
       Call Imp          ||     3
Armor: Robe              ||     4
Dodge: Dodged            ||    24
